 Dungeon Crawl Stone Soup version 0.25-a0-645-gb4487340cb (webtiles) character file.

Game seed: 7076318020326084856, levelgen mode: deterministic

28 Froggeryz the Skirmisher (level 2, 0/25 HPs)
             Began as a Minotaur Fire Elementalist on Mar 21, 2020.
             Slain by Sigmund
             ... wielding a +0 scythe
              (9 damage)
             ... on level 2 of the Dungeon.
             The game lasted 00:01:06 (790 turns).

Froggeryz the Skirmisher (MiFE)                      Turns: 790, Time: 00:01:07

Health: 0/25       AC:  7    Str: 12    XL:     2   Next: 96%
Magic:  3/3        EV:  9    Int: 12    God:
Gold:   64         SH:  0    Dex: 10    Spells: 2/3 levels left

rFire    . . .     SeeInvis .   j - +0 hand axe
rCold    . . .     Gourm    .   (no shield)
rNeg     . . .     Faith    .   b - +0 scale mail
rPois    .         Spirit   .   (helmet restricted)
rElec    .         Reflect  .   f - +0 cloak
rCorr    .         Harm     .   (no gloves)
MR       .....                  (no boots)
Stlth    ..........             (no amulet)
HPRegen  0.08/turn              (no ring)
MPRegen  0.08/turn              (no ring)

@: no status effects
A: retaliatory headbutt, horns 2
a: no special abilities


You were on level 2 of the Dungeon.
You were not hungry.

You visited 1 branch of the dungeon, and saw 2 of its levels.

You collected 64 gold pieces.

Inventory:

Hand Weapons
 j - a +0 hand axe (weapon)
Missiles
 g - 3 poisoned darts (quivered)
Armour
 b - a +0 scale mail (worn)
 f - a +0 cloak (worn)
Wands
 k - a wand of flame (13)
Scrolls
 a - a scroll of enchant weapon {unknown}
 e - 2 scrolls of remove curse {unknown}
 h - a scroll of teleportation {unknown}
Potions
 d - a potion of curing {unknown}
 i - a potion of magic {unknown}
Comestibles
 c - 5 rations


   Skills:
 - Level 2.5 Fighting
 * Level 0.0 Axes
 + Level 1.7 Armour
 - Level 2.1 Dodging
 - Level 1.5 Stealth
 - Level 1.3 Spellcasting
 - Level 0.6 Conjurations
 - Level 2.1 Fire Magic


You had 2 spell levels left.
You knew the following spells:

 Your Spells              Type           Power        Failure   Level  Hunger
a - Foxfire               Conj/Fire      #...         65%         1    ##.....

Your spell library contained the following spells:

 Spells                   Type           Power        Failure   Level  Hunger
 Conjure Flame            Conj/Fire      #.......     95%         3    ####...
 Inner Flame              Hex/Fire       #.......     96%         3    ####...
 Sticky Flame             Conj/Fire      #.......     100%        4    #####..
 Fireball                 Conj/Fire      #.........   100%        5    ######.


Dungeon Overview and Level Annotations

Branches:
Dungeon (2/15)

Altars:

Annotations:
D:2 Sigmund


Innate Abilities, Weirdness & Mutations

You reflexively headbutt those who attack you in melee.
You have a pair of horns on your head.


Message History

Sigmund is heavily wounded.
Sigmund hits you but does no damage.
You closely miss Sigmund.
Sigmund is heavily wounded.
Sigmund barely misses you. You furiously retaliate!
You headbutt Sigmund! You barely miss Sigmund. Your headbutt misses Sigmund.
Sigmund is severely wounded.
Sigmund hits you with a +0 scythe.
You closely miss Sigmund.
Sigmund is severely wounded.
Sigmund mumbles some strange words.
Sigmund flickers and vanishes!
Deactivating autopickup; reactivate with Ctrl-A.
No target in view!
You miss something. Something hits you but does no damage.
You miss something. Something hits you but does no damage.
Your scale mail prevents you from hitting something.
You miss something. Something hits you.
You hit something. Your headbutt misses something. Something hits you!
You die...

#........... ..
...........#.##
#.............#
#...........##
#......<..#.#
#.#..#.#######
#........$.#
#..#.###.#.#
##.#....@# .
#####{# #. #.$
. #### ..


There were no monsters in sight!

Vanquished Creatures
  2 dart slugs (D:1)
  A leopard gecko (D:1)
  2 bats (D:1)
  A giant cockroach (D:1)
  4 goblins (D:1)
  3 hobgoblins (D:1)
  A kobold (D:1)
  3 frilled lizards (D:1)
  5 rats (D:1)
22 creatures vanquished.

Notes
Turn   | Place    | Note
-------+----------+-------------------------------------------
     0 | D:1      | Froggeryz the Minotaur Fire Elementalist began the quest
                  | for the Orb.
     0 | D:1      | Reached XP level 1. HP: 14/14 MP: 1/1
   217 | D:1      | Reached skill level 1 in Fighting
   300 | D:1      | Reached XP level 2. HP: 24/24 MP: 3/3
   325 | D:1      | Reached skill level 1 in Armour
   776 | D:2      | Noticed Sigmund
   790 | D:2      | Slain by Sigmund

Levels and vault maps discovered:
D:1:      lemuel_arrival_muddy, layout_rooms
D:2:      layout_basic, uniq_sigmund

Skill      XL: |  1  2 |
---------------+-------+-----
Fighting       | 1 2 |  2.5
Armour         | 1 |  1.7
Dodging        | |  2.1
Stealth        | |  1.5
Spellcasting   | |  1.3
Conjurations   | |  0.6
Fire Magic     | |  2.1

Action                   || total
-------------------------++-------
Melee: Unarmed           ||    41
       Headbutt          ||    12
       Whip              ||    26
       Hand axe          ||    12
Armor: Scale mail        ||    32
       Robe              ||     2
Dodge: Dodged            ||    39

Table legend:
 A = Non-vault XP
 B = Vault XP
 C = Vault XP percentage of total XP
 D = Non-vault monster count
 E = Vault monster count
 F = Vault count percentage of total count
                 A         B        C        D         E       F
            +---------+---------+-------+---------+---------+-------
      Total |      40 |       0 |   0.0 |      22 |       0 |   0.0
            +---------+---------+-------+---------+---------+-------
        D:1 |      40 |       0 |   0.0 |      22 |       0 |   0.0
            +---------+---------+-------+---------+---------+-------
